Grand Rapids Griffins vs Chicoutimi Sagueneens

Created - 18 janvier 2018 at 18:24

Goals
1 2 3 T
Grand Rapids Griffins 1 1 2 4
Chicoutimi Sagueneens 0 2 0 2
Shots
1 2 3 T
Grand Rapids Griffins 11 11 10 32
Chicoutimi Sagueneens 10 12 3 25

1st period

1. Grand Rapids Griffins , Kyle Rau 9 (Nikita Scherbak 22, Daniel Carr 17) at 5:52

Penalties :
Stanislav Galiev (SAG) for Holding (Minor) at 18:38

2nd period

2. Chicoutimi Sagueneens , Rocco Grimaldi 21 (Jacob De La Rose 23) at 6:55 (PP)
3. Chicoutimi Sagueneens , Rocco Grimaldi 22 (Scott Wilson 42, Stanislav Galiev 16) at 9:21
4. Grand Rapids Griffins , Mario Lucia 5 (Dmitrij Jaskin 13) at 16:30

Penalties :
Noel Acciari (GRF) for Tripping (Minor) at 6:54

3rd period

5. Grand Rapids Griffins , Kyle Rau 10 (Daniel Carr 18, Justin Holl 6) at 7:47
6. Grand Rapids Griffins , Noel Acciari 13 (Jesse Puljujarvi 29, Reece Willcox 4) at 19:21

Penalties :
Slater Koekkoek (GRF) for Tripping (Minor) at 0:25, Noel Acciari (GRF) for High sticking (Minor) at 4:09, Jacob De La Rose (SAG) for Interference (Minor) at 12:54

Goalie Stats

Scott Wedgewood (GRF), 23 saves from 25 shots - (0,920), W, 2-3-0, 60:00 minutes
Ville Husso (SAG), 28 saves from 32 shots - (0,875), L, 19-13-3, 60:00 minutes

Players Stats for Grand Rapids Griffins

Player Name              G  A  P  +/- PIM S  H  SB GA TA FO     MP     PP MP  PK MP  
------------------------------------------------------------------------------------
Andrew O'Brien           0  0  0   1  0   0  3  0  1  1  0/0    25:15   1:39   1:16 
Daniel Carr              0  2  2   1  0   2  2  0  0  0  0/1    18:23   2:11   0:48 
Dmitrij Jaskin           0  1  1   1  0   1  3  1  3  2  4/10   24:25   1:40   2:18 
Eric Cornel              0  0  0   0  0   2  2  0  0  0  4/8    12:27   0:00   0:00 
Jesse Puljujarvi         0  1  1   1  0   3  2  0  1  0  0/1    19:27   1:40   2:18 
Justin Holl              0  1  1   1  0   0  2  0  0  0  0/0    20:58   1:39   2:17 
Kyle Rau                 2  0  2   1  0   3  1  0  0  0  6/13   18:10   2:11   0:28 
Mackenzie MacEachern     0  0  0   0  0   0  1  0  0  0  0/1     2:28   0:07   0:00 
Marcus Sorensen          0  0  0   0  0   3  2  0  0  1  0/0    12:01   0:00   0:00 
Mario Lucia              1  0  1   1  0   1  0  0  1  0  1/1     7:03   0:00   0:00 
Max Gortz                0  0  0   1  0   0  0  0  0  0  0/0     7:03   0:00   0:00 
Nikita Scherbak          0  1  1   1  0   7  2  0  1  1  0/0    17:38   2:11   0:00 
Noel Acciari             1  0  1   1  4   1  1  1  0  3  4/23   17:31   1:40   0:17 
Reece Willcox            0  1  1   2  0   1  1  1  0  0  0/0    16:11   0:00   0:48 
Ross Johnston            0  0  0   0  0   0  0  0  0  0  0/0     5:25   0:07   0:36 
Scott Harrington         0  0  0   2  0   2  5  0  1  2  0/0    26:38   2:19   2:24 
Slater Koekkoek          0  0  0   0  2   3  5  1  1  2  0/0    28:01   2:19   1:13 
Tomas Jurco              0  0  0   1  0   3  2  1  3  1  0/0    16:54   0:07   1:13 

Players Stats for Chicoutimi Sagueneens

Player Name              G  A  P  +/- PIM S  H  SB GA TA FO     MP     PP MP  PK MP  
------------------------------------------------------------------------------------
Alex Lintuniemi          0  0  0   0  0   0  0  0  0  1  0/0    12:56   0:00   0:00 
Chris Summers            0  0  0  -2  0   1  0  2  0  1  0/0    20:40   1:27   1:22 
Derrick Pouliot          0  0  0  -1  0   1  1  0  1  1  0/0    26:24   2:32   2:36 
Gabriel Bourque          0  0  0  -1  0   1  1  0  2  0  0/0    17:05   1:33   0:13 
Jacob De La Rose         0  1  1  -2  2   7  2  1  4  1  23/31  24:25   2:09   1:50 
Jamie Oleksiak           0  0  0  -1  0   0  2  2  0  4  0/0    26:24   2:32   2:36 
Jean Dupuy               0  0  0  -1  0   1  0  0  0  0  0/0     6:25   0:00   0:00 
Justin Kea               0  0  0   0  0   0  0  0  0  0  1/1     4:48   0:29   0:48 
Laurent Dauphin          0  0  0  -1  0   0  1  1  2  1  4/7    19:20   1:33   2:40 
Ludwig Bystrom           0  0  0   0  0   0  1  0  0  0  0/0    12:56   0:00   0:00 
Matt White               0  0  0   0  0   1  1  1  0  0  6/8    15:26   0:17   0:13 
Maxime Fortunus          0  0  0  -2  0   0  2  1  0  1  0/0    20:40   1:27   1:22 
Miikka Salomaki          0  0  0   0  0   1  0  0  0  0  1/2    15:33   0:00   1:06 
Mike Brown               0  0  0   0  0   2  0  0  0  0  0/0    13:10   0:00   0:00 
Rocco Grimaldi           2  0  2  -1  0   5  2  0  1  0  2/3    18:03   2:15   0:09 
Scott Wilson             0  1  1  -1  0   4  1  0  2  1  1/1    18:27   2:08   0:57 
Stanislav Galiev         0  1  1  -1  2   1  4  1  1  1  1/2    16:53   1:33   0:00 
Zach Sill                0  0  0  -1  0   0  0  0  0  0  0/3     6:25   0:00   0:00 

3 Stars

1 - Kyle Rau (GRF)
2 - Rocco Grimaldi (SAG)
3 - Daniel Carr (GRF)

Power Play

Grand Rapids Griffins - 0 on 2 Attempt(s) - 0,00%
Chicoutimi Sagueneens - 1 on 3 Attempt(s) - 33,33%

Penalty Kill

Grand Rapids Griffins - 2 on 3 Attempt(s) - 66,67% - Score 0 goal in Penalty Kill
Chicoutimi Sagueneens - 2 on 2 Attempt(s) - 100,00% - Score 0 goal in Penalty Kill

Team Stat

Grand Rapids Griffins - Hits : 34 - Faceoff Wins : 19 - Blocked Shots : 5 - Penalty Minutes : 6
Chicoutimi Sagueneens - Hits : 18 - Faceoff Wins : 39 - Blocked Shots : 9 - Penalty Minutes : 4

Official

Referees : Brian Pochmara and Francois StLaurent
Linesman : Brian Murphy and Devin Berg

Game Notes

No Game Note

Finance

Level 1 -- Attendance: 1499 (74,95%) -- Ticket Income 52 465 $
Level 2 -- Attendance: 811 (81,10%) -- Ticket Income 12 165 $
Total Attendance: 2310 (77,00%)
Total Ticket Income: 64 630 $
Other Income: 31 669 $
Total Income: 96 299 $

Grand Rapids Griffins

5 vs 5 Forward 
   Center                   Left Wing                Right Wing               Time % Phy DF OF 
 1 Noel Acciari             Dmitrij Jaskin           Jesse Puljujarvi         40     1   2  2  
 2 Kyle Rau                 Daniel Carr              Nikita Scherbak          30     1   2  2  
 3 Eric Cornel              Tomas Jurco              Marcus Sorensen          20     1   2  2  
 4 Dmitrij Jaskin           Mario Lucia              Max Gortz                10     1   2  2  

5 vs 5 Defense 
   Defense                  Defense                                           Time % Phy DF OF 
 1 Slater Koekkoek          Scott Harrington                                  40     1   2  2  
 2 Andrew O'Brien           Justin Holl                                       30     1   2  2  
 3 Reece Willcox            Slater Koekkoek                                   20     1   2  2  
 4 Scott Harrington         Andrew O'Brien                                    10     1   2  2  

PowerPlay Forward 
   Center                   Left Wing                Right Wing               Time % Phy DF OF 
 1 Noel Acciari             Dmitrij Jaskin           Jesse Puljujarvi         60     1   2  2  
 2 Kyle Rau                 Daniel Carr              Nikita Scherbak          40     1   2  2  

PowerPlay Defense
   Defense                  Defense                                           Time % Phy DF OF 
 1 Slater Koekkoek          Scott Harrington                                  60     1   2  2  
 2 Andrew O'Brien           Justin Holl                                       40     1   2  2  

Penalty Kill 4 Players Forward 
   Center                   Wing                     Time % Phy DF OF 
 1 Dmitrij Jaskin           Jesse Puljujarvi         60     1   2  2  
 2 Daniel Carr              Noel Acciari             40     1   2  2  

Penalty Kill 4 Players Defense
   Defense                  Defense                  Time % Phy DF OF 
 1 Slater Koekkoek          Scott Harrington         60     1   2  2  
 2 Andrew O'Brien           Justin Holl              40     1   2  2  

Penalty Kill - 3 Players Forward 
   Forward                                           Time % Phy DF OF 
 1 Dmitrij Jaskin                                    60     1   2  2  
 2 Jesse Puljujarvi                                  40     1   2  2  

Penalty Kill - 3 Players Defense
   Defense                  Defense                  Time % Phy DF OF 
 1 Slater Koekkoek          Scott Harrington         60     1   2  2  
 2 Andrew O'Brien           Justin Holl              40     1   2  2  

4 vs 4 Forward 
   Center                   Wing                     Time % Phy DF OF 
 1 Dmitrij Jaskin           Jesse Puljujarvi         60     1   2  2  
 2 Daniel Carr              Noel Acciari             40     1   2  2  

4 vs 4 Defense
   Defense                  Defense                  Time % Phy DF OF 
 1 Slater Koekkoek          Scott Harrington         60     1   2  2  
 2 Andrew O'Brien           Justin Holl              40     1   2  2  

Last Minutes Offensive
   Center                   Left Wing                Right Wing               Defense                  Defense                  
   Noel Acciari             Dmitrij Jaskin           Jesse Puljujarvi         Slater Koekkoek          Scott Harrington         

Last Minutes Defensive
   Center                   Left Wing                Right Wing               Defense                  Defense                  
   Noel Acciari             Dmitrij Jaskin           Jesse Puljujarvi         Slater Koekkoek          Scott Harrington         

Goaltenders
Starting : Scott Wedgewood          
Backup : Mackenzie Blackwood      

Extra Forwards
Normal : Ross Johnston, Mackenzie MacEachern, Tomas Jurco - PP : Ross Johnston, Mackenzie MacEachern - PK : Tomas Jurco
Extra Defensemen
Normal : Reece Willcox, Justin Holl, Slater Koekkoek - PP : Reece Willcox - PK : Justin Holl, Slater Koekkoek
Penalty Shots
Dmitrij Jaskin, Jesse Puljujarvi, Daniel Carr, Noel Acciari, Nikita Scherbak

Scratches
Dylan DeMelo (Healthy), Tony Cameranesi (Healthy)

Chicoutimi Sagueneens

5 vs 5 Forward 
   Center                   Left Wing                Right Wing               Time % Phy DF OF 
 1 Jacob De La Rose         Scott Wilson             Rocco Grimaldi           40     1   2  2  
 2 Laurent Dauphin          Gabriel Bourque          Stanislav Galiev         30     1   2  2  
 3 Matt White               Miikka Salomaki          Mike Brown               20     1   2  2  
 4 Zach Sill                Jean Dupuy               Jacob De La Rose         10     1   2  2  

5 vs 5 Defense 
   Defense                  Defense                                           Time % Phy DF OF 
 1 Jamie Oleksiak           Derrick Pouliot                                   40     1   2  2  
 2 Chris Summers            Maxime Fortunus                                   30     1   2  2  
 3 Alex Lintuniemi          Ludwig Bystrom                                    20     1   2  2  
 4 Jamie Oleksiak           Derrick Pouliot                                   10     1   2  2  

PowerPlay Forward 
   Center                   Left Wing                Right Wing               Time % Phy DF OF 
 1 Jacob De La Rose         Scott Wilson             Rocco Grimaldi           60     1   2  2  
 2 Laurent Dauphin          Gabriel Bourque          Stanislav Galiev         40     1   2  2  

PowerPlay Defense
   Defense                  Defense                                           Time % Phy DF OF 
 1 Jamie Oleksiak           Derrick Pouliot                                   60     1   2  2  
 2 Chris Summers            Maxime Fortunus                                   40     1   2  2  

Penalty Kill 4 Players Forward 
   Center                   Wing                     Time % Phy DF OF 
 1 Jacob De La Rose         Laurent Dauphin          60     1   2  2  
 2 Scott Wilson             Rocco Grimaldi           40     1   2  2  

Penalty Kill 4 Players Defense
   Defense                  Defense                  Time % Phy DF OF 
 1 Jamie Oleksiak           Derrick Pouliot          60     1   2  2  
 2 Chris Summers            Maxime Fortunus          40     1   2  2  

Penalty Kill - 3 Players Forward 
   Forward                                           Time % Phy DF OF 
 1 Jacob De La Rose                                  60     1   2  2  
 2 Laurent Dauphin                                   40     1   2  2  

Penalty Kill - 3 Players Defense
   Defense                  Defense                  Time % Phy DF OF 
 1 Jamie Oleksiak           Derrick Pouliot          60     1   2  2  
 2 Chris Summers            Maxime Fortunus          40     1   2  2  

4 vs 4 Forward 
   Center                   Wing                     Time % Phy DF OF 
 1 Jacob De La Rose         Laurent Dauphin          60     1   2  2  
 2 Scott Wilson             Rocco Grimaldi           40     1   2  2  

4 vs 4 Defense
   Defense                  Defense                  Time % Phy DF OF 
 1 Jamie Oleksiak           Derrick Pouliot          60     1   2  2  
 2 Chris Summers            Maxime Fortunus          40     1   2  2  

Last Minutes Offensive
   Center                   Left Wing                Right Wing               Defense                  Defense                  
   Jacob De La Rose         Scott Wilson             Rocco Grimaldi           Jamie Oleksiak           Derrick Pouliot          

Last Minutes Defensive
   Center                   Left Wing                Right Wing               Defense                  Defense                  
   Jacob De La Rose         Scott Wilson             Rocco Grimaldi           Jamie Oleksiak           Derrick Pouliot          

Goaltenders
Starting : Ville Husso              
Backup : Anthony Stolarz          

Extra Forwards
Normal : Justin Kea, Matt White, Miikka Salomaki - PP : Justin Kea, Matt White - PK : Miikka Salomaki
Extra Defensemen
Normal : Alex Lintuniemi, Ludwig Bystrom, Chris Summers - PP : Alex Lintuniemi - PK : Ludwig Bystrom, Chris Summers
Penalty Shots
Jacob De La Rose, Laurent Dauphin, Scott Wilson, Rocco Grimaldi, Gabriel Bourque

Scratches
Iiro Pakarinen (Bruised Right Foot Injury), Clark Bishop (Healthy), Chris McCarthy (Healthy), Braden Christoffer (Healthy)

% Time on Ice - Grand Rapids Griffins

Lines # - Real PCT - Wanted PCT - Time Play
Normal Forward
1 - 29% - 40% - 14:57
2 - 34% - 30% - 17:31
3 - 23% - 20% - 12:01
4 - 14% - 10% - 7:03
Normal Defense
1 - 29% - 40% - 14:45
2 - 33% - 30% - 17:10
3 - 24% - 20% - 12:32
4 - 14% - 10% - 7:05
PP Forward
1 - 45% - 60% - 1:47
2 - 55% - 40% - 2:11
PP Defense
1 - 58% - 60% - 2:19
2 - 42% - 40% - 1:39
PK Forward
1 - 80% - 60% - 3:11
2 - 20% - 40% - 0:48
PK Defense
1 - 80% - 60% - 3:12
2 - 20% - 40% - 0:47
PK3 Forward
1 - 0% - 60%
2 - 0% - 40%
PK3 Defense
1 - 0% - 60%
2 - 0% - 40%
44 Forward
1 - 0% - 60%
2 - 0% - 40%
44 Defense
1 - 0% - 60%
2 - 0% - 40%
Last Minute Offensive  - 0:00
Last Minute Defensive  - 0:31
Total
Forward - 60:00
Defense - 60:00

% Time on Ice - Chicoutimi Sagueneens

Lines # - Real PCT - Wanted PCT - Time Play
Normal Forward
1 - 30% - 40% - 15:39
2 - 32% - 30% - 16:19
3 - 26% - 20% - 13:10
4 - 12% - 10% - 6:25
Normal Defense
1 - 36% - 40% - 18:36
2 - 35% - 30% - 17:51
3 - 24% - 20% - 12:26
4 - 5% - 10% - 2:40
PP Forward
1 - 61% - 60% - 2:26
2 - 39% - 40% - 1:33
PP Defense
1 - 64% - 60% - 2:32
2 - 36% - 40% - 1:27
PK Forward
1 - 96% - 60% - 3:49
2 - 4% - 40% - 0:09
PK Defense
1 - 66% - 60% - 2:36
2 - 34% - 40% - 1:22
PK3 Forward
1 - 0% - 60%
2 - 0% - 40%
PK3 Defense
1 - 0% - 60%
2 - 0% - 40%
44 Forward
1 - 0% - 60%
2 - 0% - 40%
44 Defense
1 - 0% - 60%
2 - 0% - 40%
Last Minute Offensive  - 0:30
Last Minute Defensive  - 0:00
Total
Forward - 60:00
Defense - 60:00

Play by Play

1st period


0:01 of 1st period - Dmitrij Jaskin wins face-off versus Jacob De La Rose in neutral zone.
0:16 of 1st period - Snap shot by Rocco Grimaldi.
0:16 of 1st period - Stopped by Scott Wedgewood with a rebound.
1:46 of 1st period - Derrick Pouliot is hit by Slater Koekkoek and loses puck.
2:00 of 1st period - Off-side.
2:01 of 1st period - Eric Cornel wins face-off versus Zach Sill in neutral zone.
2:07 of 1st period - Off-side.
2:08 of 1st period - Jacob De La Rose wins face-off versus Noel Acciari in neutral zone.
2:37 of 1st period - Slapshot by Matt White.
2:37 of 1st period - Stopped by Scott Wedgewood with a rebound.
2:57 of 1st period - Slater Koekkoek is hit by Stanislav Galiev and loses puck.
3:33 of 1st period - Miikka Salomaki is hit by Reece Willcox and loses puck.
3:52 of 1st period - Noel Acciari is hit by Rocco Grimaldi and loses puck.
4:03 of 1st period - Stanislav Galiev is hit by Andrew O'Brien and loses puck.
4:50 of 1st period - Icing by Reece Willcox.
4:51 of 1st period - Matt White wins face-off versus Dmitrij Jaskin in Grand Rapids Griffins zone.
4:52 of 1st period - Wrist shot by Miikka Salomaki.
4:52 of 1st period - Shot Blocked by Reece Willcox.
5:33 of 1st period - Laurent Dauphin is hit by Andrew O'Brien and loses puck.
5:50 of 1st period - Snap shot by Nikita Scherbak.
5:50 of 1st period - Shot Misses the Net.
5:52 of 1st period - Snap shot by Kyle Rau.
5:52 of 1st period - Goal by Kyle Rau - Grand Rapids Griffins : 1 - Chicoutimi Sagueneens : 0.
5:53 of 1st period - Rocco Grimaldi wins face-off versus Noel Acciari in neutral zone.
6:23 of 1st period - Alex Lintuniemi is hit by Slater Koekkoek and loses puck.
6:44 of 1st period - Snap shot by Daniel Carr.
6:44 of 1st period - Shot Blocked by Stanislav Galiev.
6:46 of 1st period - Slapshot by Scott Harrington.
6:46 of 1st period - Stopped by Ville Husso without a rebound.
6:47 of 1st period - Jacob De La Rose wins face-off versus Noel Acciari in Chicoutimi Sagueneens zone.
7:20 of 1st period - Slapshot by Tomas Jurco.
7:20 of 1st period - Stopped by Ville Husso with a rebound.
7:22 of 1st period - Snap shot by Marcus Sorensen.
7:22 of 1st period - Stopped by Ville Husso without a rebound.
7:23 of 1st period - Kyle Rau wins face-off versus Jacob De La Rose in Chicoutimi Sagueneens zone.
7:48 of 1st period - Gabriel Bourque is hit by Dmitrij Jaskin and loses puck.
8:14 of 1st period - Snap shot by Tomas Jurco.
8:14 of 1st period - Shot Misses the Net.
8:16 of 1st period - Snap shot by Eric Cornel.
8:16 of 1st period - Shot Misses the Net.
9:28 of 1st period - Snap shot by Jesse Puljujarvi.
9:28 of 1st period - Shot Blocked by Chris Summers.
9:34 of 1st period - Wrist shot by Jesse Puljujarvi.
9:34 of 1st period - Stopped by Ville Husso without a rebound.
9:35 of 1st period - Laurent Dauphin wins face-off versus Noel Acciari in Chicoutimi Sagueneens zone.
9:40 of 1st period - Dmitrij Jaskin is hit by Gabriel Bourque and loses puck.
9:45 of 1st period - Snap shot by Stanislav Galiev.
9:45 of 1st period - Deflect By Gabriel Bourque.
9:45 of 1st period - Shot Misses the Net.
9:45 of 1st period - Puck is out of play.
9:46 of 1st period - Jacob De La Rose wins face-off versus Noel Acciari in Grand Rapids Griffins zone.
10:35 of 1st period - Laurent Dauphin is hit by Slater Koekkoek and loses puck.
11:13 of 1st period - Slater Koekkoek is hit by Matt White and loses puck.
11:30 of 1st period - Snap shot by Max Gortz.
11:30 of 1st period - Shot Misses the Net.
11:36 of 1st period - Slapshot by Slater Koekkoek.
11:36 of 1st period - Stopped by Ville Husso with a rebound.
11:42 of 1st period - Slater Koekkoek is hit by Stanislav Galiev and loses puck.
12:05 of 1st period - Snap shot by Nikita Scherbak.
12:05 of 1st period - Stopped by Ville Husso with a rebound.
12:07 of 1st period - Slapshot by Scott Harrington.
12:07 of 1st period - Stopped by Ville Husso with a rebound.
12:09 of 1st period - Slapshot by Daniel Carr.
12:09 of 1st period - Shot Misses the Net.
12:21 of 1st period - Snap shot by Jesse Puljujarvi.
12:21 of 1st period - Stopped by Ville Husso with a rebound.
12:35 of 1st period - Wrist shot by Scott Wilson.
12:35 of 1st period - Stopped by Scott Wedgewood without a rebound.
12:36 of 1st period - Laurent Dauphin wins face-off versus Eric Cornel in Grand Rapids Griffins zone.
13:07 of 1st period - Slapshot by Matt White.
13:07 of 1st period - Shot Blocked by Dmitrij Jaskin.
13:09 of 1st period - Snap shot by Mike Brown.
13:09 of 1st period - Stopped by Scott Wedgewood with a rebound.
13:29 of 1st period - Slapshot by Jacob De La Rose.
13:29 of 1st period - Stopped by Scott Wedgewood with a rebound.
14:46 of 1st period - Jamie Oleksiak is hit by Daniel Carr and loses puck.
14:55 of 1st period - Snap shot by Zach Sill.
14:55 of 1st period - Shot Hit the Post.
15:03 of 1st period - Wrist shot by Jean Dupuy.
15:03 of 1st period - Stopped by Scott Wedgewood without a rebound.
15:04 of 1st period - Jacob De La Rose wins face-off versus Jesse Puljujarvi in Grand Rapids Griffins zone.
15:11 of 1st period - Chris Summers is hit by Jesse Puljujarvi and loses puck.
15:28 of 1st period - Jacob De La Rose is hit by Nikita Scherbak and loses puck.
15:46 of 1st period - Ludwig Bystrom is hit by Scott Harrington and loses puck.
17:13 of 1st period - Icing by Daniel Carr.
17:14 of 1st period - Laurent Dauphin wins face-off versus Mackenzie MacEachern in Grand Rapids Griffins zone.
17:34 of 1st period - Snap shot by Rocco Grimaldi.
17:34 of 1st period - Stopped by Scott Wedgewood with a rebound.
17:36 of 1st period - Wrist shot by Jacob De La Rose.
17:36 of 1st period - Stopped by Scott Wedgewood with a rebound.
17:38 of 1st period - Slapshot by Jacob De La Rose.
17:38 of 1st period - Stopped by Scott Wedgewood without a rebound.
17:39 of 1st period - Scott Wilson wins face-off versus Noel Acciari in Grand Rapids Griffins zone.
17:42 of 1st period - Wrist shot by Jacob De La Rose.
17:42 of 1st period - Stopped by Scott Wedgewood with a rebound.
17:52 of 1st period - Snap shot by Rocco Grimaldi.
17:52 of 1st period - Shot Misses the Net.
18:01 of 1st period - Icing by Slater Koekkoek.
18:02 of 1st period - Stanislav Galiev wins face-off versus Noel Acciari in Grand Rapids Griffins zone.
18:21 of 1st period - Wrist shot by Dmitrij Jaskin.
18:21 of 1st period - Shot Misses the Net.
18:38 of 1st period - Minor Penalty to Stanislav Galiev for Holding.
18:39 of 1st period - Jacob De La Rose wins face-off versus Daniel Carr in Chicoutimi Sagueneens zone.
18:49 of 1st period - Wrist shot by Nikita Scherbak.
18:49 of 1st period - Stopped by Ville Husso without a rebound.
18:50 of 1st period - Jacob De La Rose wins face-off versus Kyle Rau in Chicoutimi Sagueneens zone.
19:31 of 1st period - Miikka Salomaki is hit by Daniel Carr.
19:35 of 1st period - Slapshot by Nikita Scherbak.
19:35 of 1st period - Shot Hit the Post.
19:37 of 1st period - Slapshot by Slater Koekkoek.
19:37 of 1st period - Shot Blocked by Jacob De La Rose.
19:39 of 1st period - Snap shot by Daniel Carr.
19:39 of 1st period - Stopped by Ville Husso without a rebound.
19:40 of 1st period - Jacob De La Rose wins face-off versus Noel Acciari in Chicoutimi Sagueneens zone.
19:45 of 1st period - Slapshot by Jesse Puljujarvi.
19:45 of 1st period - Deflect By Dmitrij Jaskin.
19:45 of 1st period - Shot Blocked by Laurent Dauphin.
19:45 of 1st period - Puck is out of play.
19:46 of 1st period - Noel Acciari wins face-off versus Jacob De La Rose in Chicoutimi Sagueneens zone.
Goals for this period are 1 for Grand Rapids Griffins vs 0 for Chicoutimi Sagueneens.
Shots for this period are 11 for Grand Rapids Griffins vs 10 for Chicoutimi Sagueneens.

2nd period


0:01 of 2nd period - Jacob De La Rose wins face-off versus Noel Acciari in neutral zone.
0:04 of 2nd period - Backhand shot by Laurent Dauphin.
0:04 of 2nd period - Shot Misses the Net.
0:26 of 2nd period - Laurent Dauphin is hit by Scott Harrington and loses puck.
0:38 of 2nd period - Penalty to Stanislav Galiev is over, Stanislav Galiev is back on ice.
0:40 of 2nd period - Wrist shot by Laurent Dauphin.
0:40 of 2nd period - Deflect By Jacob De La Rose.
0:40 of 2nd period - Shot Misses the Net.
0:40 of 2nd period - Puck is out of play.
0:41 of 2nd period - Matt White wins face-off versus Eric Cornel in Grand Rapids Griffins zone.
0:46 of 2nd period - Wrist shot by Miikka Salomaki.
0:46 of 2nd period - Stopped by Scott Wedgewood with a rebound.
0:57 of 2nd period - Icing by Maxime Fortunus.
0:58 of 2nd period - Matt White wins face-off versus Noel Acciari in Chicoutimi Sagueneens zone.
1:21 of 2nd period - Snap shot by Miikka Salomaki.
1:21 of 2nd period - Shot Misses the Net.
1:27 of 2nd period - Wrist shot by Miikka Salomaki.
1:27 of 2nd period - Shot Misses the Net.
1:33 of 2nd period - Snap shot by Miikka Salomaki.
1:33 of 2nd period - Deflect By Matt White.
1:33 of 2nd period - Shot Misses the Net.
1:33 of 2nd period - Puck is out of play.
1:34 of 2nd period - Jacob De La Rose wins face-off versus Noel Acciari in Grand Rapids Griffins zone.
1:59 of 2nd period - Kyle Rau is hit by Stanislav Galiev and loses puck.
2:23 of 2nd period - Icing by Dmitrij Jaskin.
2:24 of 2nd period - Mario Lucia wins face-off versus Zach Sill in Grand Rapids Griffins zone.
2:33 of 2nd period - Slapshot by Slater Koekkoek.
2:33 of 2nd period - Stopped by Ville Husso with a rebound.
2:49 of 2nd period - Stanislav Galiev is hit by Nikita Scherbak and loses puck.
2:56 of 2nd period - Slapshot by Stanislav Galiev.
2:56 of 2nd period - Shot Misses the Net.
2:58 of 2nd period - Slapshot by Laurent Dauphin.
2:58 of 2nd period - Shot Misses the Net.
3:10 of 2nd period - Snap shot by Tomas Jurco.
3:10 of 2nd period - Stopped by Ville Husso without a rebound.
3:11 of 2nd period - Eric Cornel wins face-off versus Matt White in Chicoutimi Sagueneens zone.
3:24 of 2nd period - Wrist shot by Tomas Jurco.
3:24 of 2nd period - Stopped by Ville Husso without a rebound.
3:25 of 2nd period - Jacob De La Rose wins face-off versus Noel Acciari in Chicoutimi Sagueneens zone.
3:38 of 2nd period - Wrist shot by Scott Wilson.
3:38 of 2nd period - Stopped by Scott Wedgewood without a rebound.
3:39 of 2nd period - Kyle Rau wins face-off versus Jacob De La Rose in Grand Rapids Griffins zone.
3:45 of 2nd period - Off-side.
3:46 of 2nd period - Kyle Rau wins face-off versus Jacob De La Rose in neutral zone.
3:51 of 2nd period - Wrist shot by Nikita Scherbak.
3:51 of 2nd period - Stopped by Ville Husso with a rebound.
4:01 of 2nd period - Slater Koekkoek is hit by Jamie Oleksiak and loses puck.
4:12 of 2nd period - Slapshot by Slater Koekkoek.
4:12 of 2nd period - Shot Blocked by Jamie Oleksiak.
4:14 of 2nd period - Wrist shot by Jesse Puljujarvi.
4:14 of 2nd period - Stopped by Ville Husso with a rebound.
4:18 of 2nd period - Slapshot by Jesse Puljujarvi.
4:18 of 2nd period - Shot Misses the Net.
4:20 of 2nd period - Slapshot by Slater Koekkoek.
4:20 of 2nd period - Stopped by Ville Husso with a rebound.
4:22 of 2nd period - Wrist shot by Dmitrij Jaskin.
4:22 of 2nd period - Shot Misses the Net.
4:24 of 2nd period - Wrist shot by Noel Acciari.
4:24 of 2nd period - Shot Misses the Net.
4:56 of 2nd period - Icing by Max Gortz.
4:57 of 2nd period - Dmitrij Jaskin wins face-off versus Zach Sill in Grand Rapids Griffins zone.
5:43 of 2nd period - Jean Dupuy is hit by Scott Harrington and loses puck.
5:54 of 2nd period - Backhand shot by Jacob De La Rose.
5:54 of 2nd period - Shot Misses the Net.
6:04 of 2nd period - Snap shot by Jacob De La Rose.
6:04 of 2nd period - Stopped by Scott Wedgewood without a rebound.
6:05 of 2nd period - Kyle Rau wins face-off versus Laurent Dauphin in Grand Rapids Griffins zone.
6:12 of 2nd period - Snap shot by Nikita Scherbak.
6:12 of 2nd period - Stopped by Ville Husso with a rebound.
6:21 of 2nd period - Icing by Andrew O'Brien.
6:22 of 2nd period - Matt White wins face-off versus Kyle Rau in Grand Rapids Griffins zone.
6:54 of 2nd period - Minor Penalty to Noel Acciari for Tripping.
6:55 of 2nd period - Jacob De La Rose wins face-off versus Dmitrij Jaskin in Grand Rapids Griffins zone.
6:55 of 2nd period - Wrist shot by Rocco Grimaldi.
6:55 of 2nd period - Goal by Rocco Grimaldi - Grand Rapids Griffins : 1 - Chicoutimi Sagueneens : 1.
6:56 of 2nd period - Jacob De La Rose wins face-off versus Noel Acciari in neutral zone.
7:03 of 2nd period - Wrist shot by Scott Wilson.
7:03 of 2nd period - Stopped by Scott Wedgewood with a rebound.
7:07 of 2nd period - Snap shot by Scott Wilson.
7:07 of 2nd period - Shot Misses the Net.
7:21 of 2nd period - Laurent Dauphin is hit by Kyle Rau and loses puck.
7:46 of 2nd period - Mike Brown is hit by Eric Cornel.
8:04 of 2nd period - Snap shot by Scott Wilson.
8:04 of 2nd period - Stopped by Scott Wedgewood with a rebound.
8:22 of 2nd period - Wrist shot by Nikita Scherbak.
8:22 of 2nd period - Stopped by Ville Husso with a rebound.
8:54 of 2nd period - Ludwig Bystrom is hit by Dmitrij Jaskin and loses puck.
9:13 of 2nd period - Snap shot by Rocco Grimaldi.
9:13 of 2nd period - Shot Misses the Net.
9:15 of 2nd period - Slapshot by Scott Wilson.
9:15 of 2nd period - Shot Hit the Post.
9:17 of 2nd period - Snap shot by Scott Wilson.
9:17 of 2nd period - Shot Misses the Net.
9:19 of 2nd period - Snap shot by Rocco Grimaldi.
9:19 of 2nd period - Stopped by Scott Wedgewood with a rebound.
9:21 of 2nd period - Wrist shot by Rocco Grimaldi.
9:21 of 2nd period - Goal by Rocco Grimaldi - Grand Rapids Griffins : 1 - Chicoutimi Sagueneens : 2.
9:22 of 2nd period - Jacob De La Rose wins face-off versus Noel Acciari in neutral zone.
9:56 of 2nd period - Snap shot by Matt White.
9:56 of 2nd period - Deflect By Mike Brown.
9:56 of 2nd period - Stopped by Scott Wedgewood with a rebound.
9:58 of 2nd period - Slapshot by Chris Summers.
9:58 of 2nd period - Stopped by Scott Wedgewood without a rebound.
9:59 of 2nd period - Jacob De La Rose wins face-off versus Noel Acciari in Grand Rapids Griffins zone.
10:24 of 2nd period - Derrick Pouliot is hit by Slater Koekkoek and loses puck.
10:31 of 2nd period - Backhand shot by Nikita Scherbak.
10:31 of 2nd period - Deflect By Laurent Dauphin.
10:31 of 2nd period - Shot Misses the Net.
10:31 of 2nd period - Puck is out of play.
10:32 of 2nd period - Rocco Grimaldi wins face-off versus Kyle Rau in Chicoutimi Sagueneens zone.
10:37 of 2nd period - Kyle Rau is hit by Jacob De La Rose and loses puck.
10:58 of 2nd period - Andrew O'Brien is hit by Stanislav Galiev and loses puck.
11:27 of 2nd period - Wrist shot by Matt White.
11:27 of 2nd period - Shot Misses the Net.
11:29 of 2nd period - Slapshot by Chris Summers.
11:29 of 2nd period - Shot Misses the Net.
12:04 of 2nd period - Wrist shot by Daniel Carr.
12:04 of 2nd period - Shot Misses the Net.
12:14 of 2nd period - Slapshot by Derrick Pouliot.
12:14 of 2nd period - Stopped by Scott Wedgewood without a rebound.
12:15 of 2nd period - Matt White wins face-off versus Noel Acciari in Grand Rapids Griffins zone.
12:27 of 2nd period - Off-side.
12:28 of 2nd period - Jacob De La Rose wins face-off versus Kyle Rau in neutral zone.
12:53 of 2nd period - Dmitrij Jaskin is hit by Derrick Pouliot and loses puck.
13:16 of 2nd period - Wrist shot by Miikka Salomaki.
13:16 of 2nd period - Shot Misses the Net.
13:18 of 2nd period - Slapshot by Jamie Oleksiak.
13:18 of 2nd period - Shot Blocked by Tomas Jurco.
13:20 of 2nd period - Slapshot by Miikka Salomaki.
13:20 of 2nd period - Shot Misses the Net.
13:32 of 2nd period - Wrist shot by Tomas Jurco.
13:32 of 2nd period - Shot Misses the Net.
13:34 of 2nd period - Snap shot by Kyle Rau.
13:34 of 2nd period - Stopped by Ville Husso without a rebound.
13:35 of 2nd period - Jacob De La Rose wins face-off versus Kyle Rau in Chicoutimi Sagueneens zone.
13:59 of 2nd period - Gabriel Bourque is hit by Justin Holl and loses puck.
15:01 of 2nd period - Snap shot by Gabriel Bourque.
15:01 of 2nd period - Stopped by Scott Wedgewood without a rebound.
15:02 of 2nd period - Dmitrij Jaskin wins face-off versus Laurent Dauphin in Grand Rapids Griffins zone.
15:29 of 2nd period - Andrew O'Brien is hit by Scott Wilson and loses puck.
16:25 of 2nd period - Chris Summers is hit by Dmitrij Jaskin and loses puck.
16:30 of 2nd period - Wrist shot by Mario Lucia.
16:30 of 2nd period - Goal by Mario Lucia - Grand Rapids Griffins : 2 - Chicoutimi Sagueneens : 2.
16:31 of 2nd period - Kyle Rau wins face-off versus Jacob De La Rose in neutral zone.
16:45 of 2nd period - Off-side.
16:46 of 2nd period - Eric Cornel wins face-off versus Stanislav Galiev in neutral zone.
16:53 of 2nd period - Slapshot by Marcus Sorensen.
16:53 of 2nd period - Stopped by Ville Husso with a rebound.
16:55 of 2nd period - Slapshot by Reece Willcox.
16:55 of 2nd period - Shot Misses the Net.
17:52 of 2nd period - Zach Sill is hit by Noel Acciari.
19:32 of 2nd period - Wrist shot by Noel Acciari.
19:32 of 2nd period - Shot Misses the Net.
Goals for this period are 1 for Grand Rapids Griffins vs 2 for Chicoutimi Sagueneens.
Shots for this period are 11 for Grand Rapids Griffins vs 12 for Chicoutimi Sagueneens.

3rd period


0:01 of 3rd period - Jacob De La Rose wins face-off versus Dmitrij Jaskin in neutral zone.
0:04 of 3rd period - Slapshot by Derrick Pouliot.
0:04 of 3rd period - Shot Blocked by Slater Koekkoek.
0:06 of 3rd period - Wrist shot by Scott Wilson.
0:06 of 3rd period - Shot Blocked by Noel Acciari.
0:16 of 3rd period - Slapshot by Scott Wilson.
0:16 of 3rd period - Deflect By Rocco Grimaldi.
0:16 of 3rd period - Shot Misses the Net.
0:16 of 3rd period - Puck is out of play.
0:17 of 3rd period - Laurent Dauphin wins face-off versus Kyle Rau in Grand Rapids Griffins zone.
0:25 of 3rd period - Minor Penalty to Slater Koekkoek for Tripping.
0:26 of 3rd period - Jacob De La Rose wins face-off versus Dmitrij Jaskin in Grand Rapids Griffins zone.
1:16 of 3rd period - Daniel Carr is hit by Maxime Fortunus and loses puck.
1:33 of 3rd period - Chris Summers is hit by Justin Holl and loses puck.
2:25 of 3rd period - Penalty to Slater Koekkoek is over, Slater Koekkoek is back on ice.
2:32 of 3rd period - Wrist shot by Nikita Scherbak.
2:32 of 3rd period - Stopped by Ville Husso with a rebound.
2:34 of 3rd period - Slapshot by Daniel Carr.
2:34 of 3rd period - Deflect By Nikita Scherbak.
2:34 of 3rd period - Shot Hit the Post.
2:34 of 3rd period - Puck is out of play.
2:35 of 3rd period - Matt White wins face-off versus Kyle Rau in Chicoutimi Sagueneens zone.
2:55 of 3rd period - Snap shot by Daniel Carr.
2:55 of 3rd period - Shot Misses the Net.
2:57 of 3rd period - Slapshot by Andrew O'Brien.
2:57 of 3rd period - Shot Misses the Net.
2:59 of 3rd period - Wrist shot by Daniel Carr.
2:59 of 3rd period - Stopped by Ville Husso without a rebound.
3:00 of 3rd period - Jacob De La Rose wins face-off versus Eric Cornel in Chicoutimi Sagueneens zone.
3:40 of 3rd period - Andrew O'Brien is hit by Laurent Dauphin and loses puck.
4:09 of 3rd period - Minor Penalty to Noel Acciari for High sticking.
4:10 of 3rd period - Jacob De La Rose wins face-off versus Dmitrij Jaskin in Grand Rapids Griffins zone.
4:15 of 3rd period - Snap shot by Jacob De La Rose.
4:15 of 3rd period - Stopped by Scott Wedgewood without a rebound.
4:16 of 3rd period - Jacob De La Rose wins face-off versus Dmitrij Jaskin in Grand Rapids Griffins zone.
5:33 of 3rd period - Chris Summers is hit by Slater Koekkoek and loses puck.
5:56 of 3rd period - Ross Johnston is hit by Maxime Fortunus and loses puck.
6:09 of 3rd period - Penalty to Noel Acciari is over, Noel Acciari is back on ice.
6:35 of 3rd period - Backhand shot by Miikka Salomaki.
6:35 of 3rd period - Shot Misses the Net.
7:06 of 3rd period - Justin Kea is hit by Scott Harrington and loses puck.
7:34 of 3rd period - Chris Summers is hit by Scott Harrington.
7:47 of 3rd period - Slapshot by Daniel Carr.
7:47 of 3rd period - Deflect By Kyle Rau.
7:47 of 3rd period - Goal by Kyle Rau - Grand Rapids Griffins : 3 - Chicoutimi Sagueneens : 2.
7:48 of 3rd period - Dmitrij Jaskin wins face-off versus Laurent Dauphin in neutral zone.
8:01 of 3rd period - Wrist shot by Stanislav Galiev.
8:01 of 3rd period - Stopped by Scott Wedgewood with a rebound.
8:22 of 3rd period - Slapshot by Jacob De La Rose.
8:22 of 3rd period - Stopped by Scott Wedgewood with a rebound.
8:32 of 3rd period - Slapshot by Slater Koekkoek.
8:32 of 3rd period - Shot Blocked by Maxime Fortunus.
8:40 of 3rd period - Mike Brown is hit by Tomas Jurco.
9:07 of 3rd period - Mike Brown is hit by Eric Cornel and loses puck.
9:24 of 3rd period - Slapshot by Marcus Sorensen.
9:24 of 3rd period - Stopped by Ville Husso with a rebound.
9:26 of 3rd period - Snap shot by Reece Willcox.
9:26 of 3rd period - Shot Blocked by Chris Summers.
9:28 of 3rd period - Snap shot by Eric Cornel.
9:28 of 3rd period - Stopped by Ville Husso without a rebound.
9:29 of 3rd period - Jacob De La Rose wins face-off versus Noel Acciari in Chicoutimi Sagueneens zone.
9:38 of 3rd period - Derrick Pouliot is hit by Andrew O'Brien and loses puck.
10:04 of 3rd period - Slapshot by Scott Harrington.
10:04 of 3rd period - Shot Blocked by Jamie Oleksiak.
10:14 of 3rd period - Dmitrij Jaskin is hit by Jacob De La Rose and loses puck.
10:36 of 3rd period - Off-side.
10:37 of 3rd period - Kyle Rau wins face-off versus Jacob De La Rose in neutral zone.
11:17 of 3rd period - Icing by Matt White.
11:18 of 3rd period - Eric Cornel wins face-off versus Matt White in Chicoutimi Sagueneens zone.
11:27 of 3rd period - Matt White is hit by Marcus Sorensen and loses puck.
11:42 of 3rd period - Snap shot by Miikka Salomaki.
11:42 of 3rd period - Shot Misses the Net.
11:52 of 3rd period - Jamie Oleksiak is hit by Marcus Sorensen and loses puck.
12:05 of 3rd period - Snap shot by Marcus Sorensen.
12:05 of 3rd period - Shot Blocked by Matt White.
12:07 of 3rd period - Slapshot by Scott Harrington.
12:07 of 3rd period - Shot Misses the Net.
12:09 of 3rd period - Snap shot by Eric Cornel.
12:09 of 3rd period - Stopped by Ville Husso with a rebound.
12:11 of 3rd period - Wrist shot by Marcus Sorensen.
12:11 of 3rd period - Shot Misses the Net.
12:13 of 3rd period - Backhand shot by Reece Willcox.
12:13 of 3rd period - Stopped by Ville Husso without a rebound.
12:14 of 3rd period - Noel Acciari wins face-off versus Jacob De La Rose in Chicoutimi Sagueneens zone.
12:51 of 3rd period - Backhand shot by Nikita Scherbak.
12:51 of 3rd period - Stopped by Ville Husso without a rebound.
12:52 of 3rd period - Jacob De La Rose wins face-off versus Noel Acciari in Chicoutimi Sagueneens zone.
12:54 of 3rd period - Minor Penalty to Jacob De La Rose for Interference.
12:55 of 3rd period - Noel Acciari wins face-off versus Miikka Salomaki in Chicoutimi Sagueneens zone.
12:57 of 3rd period - Snap shot by Dmitrij Jaskin.
12:57 of 3rd period - Stopped by Ville Husso without a rebound.
12:58 of 3rd period - Miikka Salomaki wins face-off versus Noel Acciari in Chicoutimi Sagueneens zone.
14:54 of 3rd period - Penalty to Jacob De La Rose is over, Jacob De La Rose is back on ice.
14:58 of 3rd period - Matt White is hit by Tomas Jurco and loses puck.
15:39 of 3rd period - Dmitrij Jaskin is hit by Ludwig Bystrom and loses puck.
16:16 of 3rd period - Derrick Pouliot is hit by Mackenzie MacEachern and loses puck.
16:40 of 3rd period - Icing by Noel Acciari.
16:41 of 3rd period - Justin Kea wins face-off versus Eric Cornel in Grand Rapids Griffins zone.
17:37 of 3rd period - Jamie Oleksiak is hit by Jesse Puljujarvi and loses puck.
18:57 of 3rd period - Tomas Jurco is hit by Rocco Grimaldi and loses puck.
19:21 of 3rd period - Wrist shot by Noel Acciari.
19:21 of 3rd period - Goal by Noel Acciari - Grand Rapids Griffins : 4 - Chicoutimi Sagueneens : 2.
19:22 of 3rd period - Noel Acciari wins face-off versus Rocco Grimaldi in neutral zone.
19:35 of 3rd period - Justin Holl is hit by Jamie Oleksiak and loses puck.
Goals for this period are 2 for Grand Rapids Griffins vs 0 for Chicoutimi Sagueneens.
Shots for this period are 10 for Grand Rapids Griffins vs 3 for Chicoutimi Sagueneens.